 Dungeon Crawl Stone Soup version 0.21.0-3-g78d12a8 (webtiles) character file.

527 komo4ek the Twirler (level 7, 0/52 HPs)
             Began as a Human Gladiator on Jan 10, 2018.
             Slain by an orc warrior
             ... wielding a +0 halberd
              (9 damage)
             ... on level 4 of the Dungeon.
             The game lasted 00:06:50 (4649 turns).

komo4ek the Twirler (Human Gladiator)               Turns: 4649, Time: 00:06:51

Health: 0/52       AC: 11    Str: 16    XL:     7   Next: 47%
Magic:  10/10      EV:  8    Int:  8    God:
Gold:   155        SH:  0    Dex: 15    Spells: 10/10 levels left

rFire    . . .     SeeInvis .   y - +0 quarterstaff
rCold    . . .     Gourm    .   (shield currently unavailable)
rNeg     . . .     Faith    .   g - +0 chain mail (curse)
rPois    .         Spirit   .   x - +1 helmet
rElec    .         Reflect  .   (no cloak)
rCorr    .         Harm     .   (no gloves)
MR       .....                  (no boots)
Stlth    ..........             (no amulet)
HPRegen  0.17/turn              (no ring)
MPRegen  0.12/turn              (no ring)

@: confused
A: no striking features
a: no special abilities


You were on level 4 of the Dungeon.
You were not hungry.

You visited 1 branch of the dungeon, and saw 5 of its levels.

You collected 155 gold pieces.

Inventory:

Hand Weapons
 a - a +0 quarterstaff
 y - a +0 quarterstaff (weapon)
Missiles
 d - 3 throwing nets (quivered)
Armour
 b - a +0 leather armour
 c - a +0 helmet
 g - a cursed +0 chain mail (worn)
 x - a +1 helmet (worn)
Wands
 u - a wand of digging (17)
Scrolls
 e - 3 scrolls of identify {unknown}
 j - 3 scrolls of teleportation {unknown}
 l - a scroll of fear {unknown}
 o - a scroll of random uselessness {unknown}
 p - 2 scrolls of remove curse {unknown}
 t - 3 scrolls of noise {unknown}
 v - 2 scrolls of fog {unknown}
 w - a scroll of enchant armour {unknown}
Potions
 h - 4 potions of curing {unknown}
 i - a potion of ambrosia {unknown}
 k - 2 potions of haste {unknown}
 m - 3 potions of agility {unknown}
 n - a potion of cancellation {unknown}
 r - 2 potions of degeneration {unknown}
 s - 2 potions of heal wounds {unknown}
Books
 q - a book of Maledictions

   Spells                             Type                      Level
   a - Corona                         Hexes                        1
   b - Ensorcelled Hibernation        Hexes/Ice                    2
   c - Confuse                        Hexes                        3
   d - Tukima's Dance                 Hexes                        3
   e - Dazzling Spray                 Conjuration/Hexes            3
Comestibles
 f - 10 rations


   Skills:
 + Level 3.4 Fighting
 * Level 5.3 Staves
 - Level 2.0 Throwing
 + Level 2.6 Armour
 + Level 4.2 Dodging
 + Level 2.4 Spellcasting


You had 10 spell levels left.
You didn't know any spells.

Dungeon Overview and Level Annotations

Branches:
Dungeon (5/15)
 Temple: D:4-7

Altars:
Ru


Message History

You hit the orc wizard.
The orc wizard is severely wounded.
The orc warrior barely misses you.
The orc wizard hits you but does no damage.
You hit the orc wizard but do no damage.
The orc wizard is severely wounded.
The orc warrior hits you with a halberd!
The orc wizard casts a spell at you.
You are confused.
You closely miss the orc wizard.
The orc wizard is severely wounded.
The orc wizard hits you but does no damage.
The orc warrior hits you with a halberd!
* * * LOW HITPOINT WARNING * * *
You closely miss the orc warrior.
The orc wizard casts a spell.
The orc wizard flickers and vanishes!
Deactivating autopickup; reactivate with Ctrl-A.
The orc warrior hits you with a halberd!
You die...

....# #.##.#.# ....# #.#....#
....### #.#....# ..<...#
#.#....# #####.# #.#.##.# #.#
#....<.# #.# ###.#### #.#
#.###### #.#####....o@#
######### #####....##.....{#
#.).....# #......#...#.###.#
#.......#
#.###.###.###..#.####.......#
.......#...#.#..............#
#.####...##.####.####.......#
#.##
######........##.......####
...# #......#.##..........#
...#
######..###.###########.##


You could see an orc warrior.

Vanquished Creatures
  A black bear (D:4)
  2 scorpions (D:4)
  2 crimson imps (D:4)
  A hound (D:4)
  A centaur zombie (D:5)
  A jelly (D:5)
  A worker ant (D:4)
  Robin (D:3)
  3 adders
  A shadow imp (D:5)
  3 oozes
  A worm (D:3)
  4 dart slugs
  2 leopard geckos (D:3)
  5 orcs (D:4)
  4 bats
  5 giant cockroaches
  17 goblins
  11 hobgoblins
  5 jackals
  2 quokkas (D:4)
  A ball python (D:1)
  2 frilled lizards
  A kobold (D:1)
  5 rats
82 creatures vanquished.

Notes
Turn   | Place    | Note
-------+----------+-------------------------------------------
     0 | D:1      | komo4ek the Human Gladiator began the quest for the Orb.
     0 | D:1      | Reached XP level 1. HP: 16/16 MP: 1/1
   198 | D:1      | Reached XP level 2. HP: 20/22 MP: 2/2
   543 | D:1      | Reached XP level 3. HP: 27/27 MP: 3/3
  1329 | D:2      | Found a sacrificial altar of Ru.
  1339 | D:2      | Reached skill level 1 in Armour
  1635 | D:3      | Reached XP level 4. HP: 25/34 MP: 5/5
  1729 | D:3      | Reached skill level 1 in Spellcasting
  1846 | D:3      | Noticed Robin
  2244 | D:3      | Reached skill level 4 in Staves
  2419 | D:3      | Killed Robin
  2419 | D:3      | Reached XP level 5. HP: 32/39 MP: 6/6
  3023 | D:4      | Reached XP level 6. HP: 40/46 MP: 8/8
  3960 | D:4      | Noticed a black bear
  3967 | D:4      | Killed a black bear
  3967 | D:4      | Reached skill level 5 in Staves
  3967 | D:4      | Reached XP level 7. HP: 50/52 MP: 10/10
  4064 | D:5      | Entered Level 5 of the Dungeon
  4649 | D:4      | Slain by an orc warrior

Skill      XL: |  1  2  3  4  5  6 |
---------------+-------------------+-----
Armour         | 1 2 |  2.6
Spellcasting   | 1 2 |  2.4
Staves         | 4 5 |  5.3
Fighting       | 3 |  3.4
Dodging        | 4 |  4.2
Throwing       | |  2.0

Action                   |  1- 3 |  4- 6 |  7- 9 || total
-------------------------+-------+-------+-------++-------
Melee: Quarterstaff      |   105 |   190 |    28 ||   323
  Eat: Ration            |     1 |     2 |     1 ||     4
Armor: Chain mail        |    62 |   161 |    23 ||   246
Dodge: Dodged            |    33 |   113 |    17 ||   163
